[Event "Thursday 26 April Rapid Engine Tour 12+1 Rounds 9 Starts 1600ST"]
[Site "Infinity Chess"]
[Date "2018.4.26"]
[Round "1"]
[White "ocirema"]
[Black "angriff"]
[Result "1/2-1/2"]
[ECO "D30"]
[WhiteElo "2444"]
[BlackElo "2410"]
[WhiteEngine "asmFishW_2018-04-24_popcnt"]
[BlackEngine "DracoREX 3.07 64BIT POPCNT_CTG"]
[EventType "Swiss"]
[WhiteTeam ""]
[BlackTeam ""]
[PlyCount "135"]
[TimeControl "720+1"]

1. d4 d5 2. c4 e6 3. Nf3 Nf6 4. Nc3 c6 5. Bg5 h6 6. Bxf6 Qxf6 7. e3 Nd7 
8. Bd3 dxc4 9. Bxc4 g6 10. O-O Bg7 11. e4 e5 12. d5 Nb6 13. Bb3 O-O 14. Re1 Bg4 
15. Re3 Rad8 16. Qe2 cxd5 17. Nxd5 Nxd5 18. Bxd5 Qe7 19. Rc3 Rc8 20. Rac1 Rxc3 
21. Rxc3 Rd8 22. h4 Qd7 23. Qc2 Rc8 24. Nd2 b6 25. Rc4 Rxc4 26. Nxc4 h5 
27. Ne3 Bf8 28. Qc3 Bd6 29. b4 Kg7 30. Nc4 Qc7 31. Qa1 Qe7 32. Nxd6 Qxd6 
33. Qc3 Be6 34. Qc4 Kf6 35. g3 Qd7 36. a3 Bxd5 37. exd5 Ke7 38. Kg2 Qf5 
39. Qc6 Qe4+ 40. Kh2 Kf8 41. Kg1 Kg7 42. Qd7 Qd4 43. Qxa7 e4 44. Qc7 e3 
45. fxe3 Qxe3+ 46. Kf1 b5 47. d6 Qf3+ 48. Ke1 Qxg3+ 49. Kd2 Qh2+ 50. Kc1 Qg1+ 
51. Kb2 Qg2+ 52. Kc3 Qe4 53. a4 Qe3+ 54. Kb2 bxa4 55. d7 Qe2+ 56. Ka3 Qd1 
57. Qc3+ Kh7 58. b5 Qxd7 59. b6 Qd6+ 60. Qb4 Qd1 61. Qxa4 Qa1+ 62. Kb4 Qd4+ 
63. Ka5 Qd5+ 64. Ka6 Qa8+ 65. Kb5 Qd5+ 66. Ka6 Qa8+ 67. Kb5 Qd5+ 68. Ka6 1/2-1/2

[Event "Thursday 26 April Rapid Engine Tour 12+1 Rounds 9 Starts 1600ST"]
[Site "Infinity Chess"]
[Date "2018.4.26"]
[Round "1"]
[White "NINJA_JENGKA"]
[Black "star99"]
[Result "1/2-1/2"]
[ECO "A05"]
[WhiteElo "2411"]
[BlackElo "2462"]
[WhiteEngine "Houdini 6"]
[BlackEngine "Cryptic Heroes 9.4B"]
[EventType "Swiss"]
[WhiteTeam ""]
[BlackTeam ""]
[PlyCount "177"]
[TimeControl "720+1"]

1. Nf3 Nf6 2. c4 g6 3. d4 Bg7 4. Nc3 d5 5. cxd5 Nxd5 6. e4 Nxc3 7. bxc3 c5 
8. Rb1 O-O 9. Be2 b6 10. O-O Bb7 11. Qd3 Ba6 12. Qc2 cxd4 13. Bxa6 Nxa6 
14. cxd4 Qd7 15. Qb3 Rac8 16. Be3 Qb7 17. Qa3 e6 18. Rfc1 Nb8 19. h4 Rfd8 
20. Bg5 Re8 21. Re1 Nc6 22. d5 Ne5 23. d6 Qd7 24. Nxe5 Bxe5 25. Red1 Rc4 
26. Be7 Rec8 27. Qe3 Rc3 28. Qh6 R3c5 29. Rb3 Bg7 30. Qf4 Be5 31. Qe3 h5 
32. f4 Bg7 33. e5 Bh6 34. a3 b5 35. Rbd3 Rc2 36. R1d2 Rc1+ 37. Kh2 a5 38. Rf2 a4 
39. Rf3 R1c2 40. Rd4 Kh7 41. Bg5 Bxg5 42. fxg5 Kg7 43. Re4 Rb8 44. Rf2 Rxf2 
45. Qxf2 Qc6 46. Rd4 Kg8 47. Rf4 Rf8 48. Qe3 Rc8 49. Rf1 Qb7 50. Qf2 Rf8 
51. Qd4 Rc8 52. Rd1 Qc6 53. Qb4 Rd8 54. Qa5 Qa8 55. Qe1 Qa7 56. Qc3 Qf2 
57. Qc7 Qxh4+ 58. Kg1 Qxg5 59. Qe7 Qxe7 60. dxe7 Rxd1+ 61. Kh2 Kg7 62. e8=Q Rd3 
63. Qe7 h4 64. Qb4 Rb3 65. Qc5 Kg8 66. Qc6 Kg7 67. Qc1 b4 68. Qf4 bxa3 
69. Qf6+ Kg8 70. Qxh4 a2 71. Qxa4 Rb2 72. Kh3 Kg7 73. Kg3 g5 74. Kh3 Kg6 
75. Qe4+ Kg7 76. Qa8 g4+ 77. Kg3 Re2 78. Qa4 Kh7 79. Qd1 Kg8 80. Kh2 Kg7 
81. Qa4 Kh8 82. Qa8+ Kg7 83. Kg3 f6 84. exf6+ Kxf6 85. Kh4 Rxg2 86. Qxg2 a1=Q 
87. Qf2+ Ke5 88. Qe3+ Kf6 89. Qf4+ 1/2-1/2

[Event "Thursday 26 April Rapid Engine Tour 12+1 Rounds 9 Starts 1600ST"]
[Site "Infinity Chess"]
[Date "2018.4.26"]
[Round "1"]
[White "Harry_Potter"]
[Black "HerzsjeMZ"]
[Result "1/2-1/2"]
[ECO "C50"]
[WhiteElo "2504"]
[BlackElo "2419"]
[WhiteEngine "Stockfish_x64_bmi2_CTG"]
[BlackEngine "BrainFish_180423_x64_modern"]
[EventType "Swiss"]
[WhiteTeam ""]
[BlackTeam ""]
[PlyCount "76"]
[TimeControl "720+1"]

1. e4 e5 2. Nf3 Nc6 3. Bc4 Bc5 4. O-O Nf6 5. d3 d6 6. c3 O-O 7. h3 a5 8. Bg5 h6 
9. Bh4 g5 10. Bg3 Nh5 11. d4 exd4 12. cxd4 Bb6 13. Nc3 Nxg3 14. fxg3 g4 
15. hxg4 Bxg4 16. Qd2 Bxf3 17. gxf3 Qg5 18. Qxg5+ hxg5 19. Nd5 Bxd4+ 
20. Kg2 Rfc8 21. Rh1 Rab8 22. f4 gxf4 23. gxf4 Bxb2 24. Rad1 Kg7 25. Rd3 Rh8 
26. Rxh8 Rxh8 27. Rb3 Bc1 28. Rxb7 Nd4 29. Rxc7 Ne6 30. Re7 Bxf4 31. Rxe6 fxe6 
32. Nxf4 Kf6 33. Nxe6 Re8 34. Bd5 Rxe6 35. Bxe6 Kxe6 36. Kf3 a4 37. Ke3 Ke5 
38. a3 Kf6 1/2-1/2

[Event "Thursday Night Engine Tour 11 rd Swiss 5m+1s Starts at 2200hrs"]
[Site "Infinity Chess"]
[Date "2018.4.19"]
[Round "8"]
[White "Vimtiroba"]
[Black "ocirema"]
[Result "0-1"]
[ECO "C55"]
[WhiteElo "2527"]
[BlackElo "2482"]
[WhiteEngine "AsmFish A12_CTG"]
[BlackEngine "asmFishW_2018-04-15_popcnt_CTG"]
[EventType "Swiss"]
[WhiteTeam ""]
[BlackTeam ""]
[PlyCount "186"]
[TimeControl "300+1"]

1. e4 e5 2. Nf3 Nc6 3. Bc4 Nf6 4. d3 Bc5 5. O-O d6 6. c3 O-O 7. h3 a5 8. Re1 h6 
9. Nbd2 Be6 10. Bb5 Qb8 11. Nf1 Qa7 12. Re2 a4 13. Ng3 Qa5 14. Bxc6 bxc6 
15. Bd2 Qb5 16. c4 Qb6 17. Rb1 Rfb8 18. Qc1 Kh7 19. Qc2 Nd7 20. Nf5 Qa6 
21. Bc3 Bb6 22. Ree1 c5 23. Nh2 Ba5 24. Ng4 Bb4 25. Qd2 Bxf5 26. exf5 Qc8 
27. Qc2 Nf6 28. Nxf6+ gxf6 29. g4 Kg7 30. f3 Bxc3 31. Qxc3 Rb4 32. Re2 Qa6 
33. f4 exf4 34. Rf1 d5 35. Rxf4 Qd6 36. Rff2 Rd8 37. Kg2 Qa6 38. Rc2 Qc6 
39. Rf3 dxc4 40. dxc4 Rd4 41. b3 Rb8 42. Re2 Rg8 43. Qe3 h5 44. Kf2 hxg4 
45. Rg3 Rh8 46. Rd2 Rxd2+ 47. Qxd2 Rxh3 48. Qf4 Rh2+ 49. Kf1 Kf8 50. Qxg4 Ke7 
51. Re3+ Kd7 52. bxa4 Qh1+ 53. Qg1 Qxg1+ 54. Kxg1 Rxa2 55. Rd3+ Kc8 56. a5 Rxa5 
57. Kf1 Ra4 58. Rc3 c6 59. Kf2 Ra2+ 60. Ke3 Kc7 61. Kf3 Rh2 62. Rc1 Rh4 
63. Ra1 Rxc4 64. Ke3 Rd4 65. Rb1 Kd6 66. Rg1 Rd5 67. Rc1 Rxf5 68. Rh1 Re5+ 
69. Kd3 Rd5+ 70. Kc3 f5 71. Re1 f4 72. Re2 Rd4 73. Re1 Kd5 74. Re2 f3 
75. Re7 Rf4 76. Rd7+ Ke6 77. Rd1 f2 78. Rf1 Kf5 79. Kd2 Kg4 80. Ke2 Kg3 
81. Ra1 Kg2 82. Ke3 f1=Q 83. Rxf1 Rxf1 84. Kd3 Rf4 85. Kc2 Rf3 86. Kb2 Kf2 
87. Kb1 Ke1 88. Kc2 Ke2 89. Kb1 Kd2 90. Kb2 Re3 91. Ka1 Kc2 92. Ka2 Re1 
93. Ka3 Ra1# 0-1

[Event "Thursday Night Engine Tour 11 rd Swiss 5m+1s Starts at 2200hrs"]
[Site "Infinity Chess"]
[Date "2018.4.19"]
[Round "8"]
[White "koalachess"]
[Black "mala0diablica"]
[Result "1/2-1/2"]
[ECO "C53"]
[WhiteElo "2355"]
[BlackElo "2539"]
[WhiteEngine "asmFishW_2018-02-02_popcnt_CTG"]
[BlackEngine "asmFishW_2018-04-11_bmi2"]
[EventType "Swiss"]
[WhiteTeam ""]
[BlackTeam ""]
[PlyCount "121"]
[TimeControl "300+1"]

1. e4 e5 2. Nf3 Nc6 3. Bc4 Bc5 4. c3 Nf6 5. d4 exd4 6. cxd4 Bb4+ 7. Bd2 Nxe4 
8. Bxb4 Nxb4 9. Bxf7+ Kxf7 10. Qb3+ Kf8 11. Qxb4+ Qe7 12. Qxe7+ Kxe7 13. O-O Kd8 
14. Re1 Nf6 15. Nc3 d6 16. d5 Re8 17. Rxe8+ Kxe8 18. Nd4 Bd7 19. f3 Kf7 
20. Kf2 g5 21. Rc1 h6 22. Nc2 Rf8 23. Ne3 Ke7 24. Re1 Kd8 25. Rd1 Re8 26. b3 Re5 
27. Rd4 Re7 28. b4 a6 29. a3 Rf7 30. h4 Re7 31. Nc4 Rf7 32. Ne4 Nxe4+ 
33. Rxe4 Rf4 34. Rxf4 gxf4 35. g4 fxg3+ 36. Kxg3 Ke7 37. Na5 Kf6 38. Kf4 b6 
39. Nc6 a5 40. bxa5 Bxc6 41. dxc6 bxa5 42. Ke4 a4 43. Kd5 Kf5 44. h5 Kf6 
45. Ke4 Kg5 46. Kd5 Kf4 47. Ke6 Kxf3 48. Kd7 d5 49. Kxc7 d4 50. Kb6 d3 51. c7 d2 
52. c8=Q d1=Q 53. Qb7+ Kg3 54. Qg7+ Kh3 55. Qxh6 Qd4+ 56. Ka5 Qc5+ 57. Kxa4 Qc4+ 
58. Ka5 Qc5+ 59. Ka4 Qc4+ 60. Ka5 Qc5+ 61. Ka4 1/2-1/2

[Event "Thursday Night Engine Tour 11 rd Swiss 5m+1s Starts at 2200hrs"]
[Site "Infinity Chess"]
[Date "2018.4.19"]
[Round "8"]
[White "RonWeasley"]
[Black "star99"]
[Result "1/2-1/2"]
[ECO "E32"]
[WhiteElo "2545"]
[BlackElo "2494"]
[WhiteEngine "BrainFish 090218_CTG"]
[BlackEngine "Cryptic Heroes 9.4B"]
[EventType "Swiss"]
[WhiteTeam ""]
[BlackTeam ""]
[PlyCount "125"]
[TimeControl "300+1"]

1. d4 Nf6 2. c4 e6 3. Nc3 Bb4 4. Qc2 O-O 5. e4 d6 6. e5 dxe5 7. dxe5 Ng4 
8. Nf3 Nc6 9. Bf4 Nd4 10. Qd2 Nxf3+ 11. gxf3 Qxd2+ 12. Kxd2 Nh6 13. Rd1 Bd7 
14. Bxh6 gxh6 15. Rg1+ Kh8 16. Bd3 Ba4 17. Bc2 Rad8+ 18. Kc1 Rxd1+ 19. Rxd1 Be8 
20. Be4 c6 21. Ne2 f6 22. exf6 Ba5 23. h3 Rxf6 24. Nd4 Bc7 25. b4 Bg6 
26. Nb3 Kg8 27. a4 Bxe4 28. fxe4 Rf3 29. Nc5 Rc3+ 30. Kb2 Rxh3 31. a5 Rf3 
32. Nxb7 h5 33. Nd8 Bxd8 34. Rxd8+ Kg7 35. Rd7+ Rf7 36. Rd3 Rxf2+ 37. Kc3 h4 
38. Kd4 Kf6 39. Rc3 Rf4 40. b5 e5+ 41. Kc5 cxb5 42. cxb5 Rxe4 43. b6 axb6+ 
44. axb6 Re1 45. Rc4 h3 46. Rh4 Rc1+ 47. Kd5 Rd1+ 48. Kc6 Rc1+ 49. Kd6 Rd1+ 
50. Kc5 Rc1+ 51. Kd5 Rd1+ 52. Kc6 Rc1+ 53. Kb5 h2 54. Rh6+ Kg5 55. Rxh2 e4 
56. Rb2 Rc8 57. b7 Rb8 58. Kc6 e3 59. Kc7 e2 60. Rxe2 Rxb7+ 61. Kxb7 h5 
62. Re1 h4 63. Ra1 1/2-1/2

[Event "Thursday Night Engine Tour 11 rd Swiss 5m+1s Starts at 2200hrs"]
[Site "Infinity Chess"]
[Date "2018.4.19"]
[Round "8"]
[White "Dovahkiin"]
[Black "Deep_Impact"]
[Result "1/2-1/2"]
[ECO "C50"]
[WhiteElo "2419"]
[BlackElo "2556"]
[WhiteEngine "Raubfisch ME262_GTZ16f_CTG"]
[BlackEngine "BrainFish_180411_x64_bmi2"]
[EventType "Swiss"]
[WhiteTeam ""]
[BlackTeam ""]
[PlyCount "71"]
[TimeControl "300+1"]

1. e4 e5 2. Nf3 Nc6 3. Bc4 Bc5 4. O-O Nf6 5. d3 d6 6. c3 a5 7. Bg5 h6 8. Bh4 O-O 
9. a4 g5 10. Bg3 Kg7 11. Nbd2 Ba7 12. Re1 Ng8 13. Nf1 h5 14. h3 Nh6 15. d4 g4 
16. Bh4 f6 17. Ng3 Qe8 18. Nh2 Kh8 19. Rc1 Qg6 20. Ba2 gxh3 21. Qxh5 Kh7 
22. Qxg6+ Kxg6 23. gxh3 exd4 24. Ne2 d3 25. Nf4+ Kh7 26. Nxd3 Ne5 27. Nf4 Bd7 
28. Kg2 Rae8 29. Bd5 f5 30. Bg3 Re7 31. exf5 Nxf5 32. Ng4 Rg7 33. Rh1 Re7 
34. Rhe1 Rg7 35. Rh1 Re7 36. Rhe1 1/2-1/2

[Event "Thursday Night Engine Tour 11 rd Swiss 5m+1s Starts at 2200hrs"]
[Site "Infinity Chess"]
[Date "2018.4.19"]
[Round "8"]
[White "xeonrocks"]
[Black "picolo1"]
[Result "1-0 "]
[ECO "C50"]
[WhiteElo "2607"]
[BlackElo "2444"]
[WhiteEngine "Stockfish_x64_bmi2_CTG"]
[BlackEngine "asmFishW_2018-04-15_base_CTG"]
[EventType "Swiss"]
[WhiteTeam ""]
[BlackTeam ""]
[PlyCount "153"]
[TimeControl "300+1"]

1. e4 e5 2. Nf3 Nc6 3. Bc4 Bc5 4. O-O Nf6 5. d3 d6 6. c3 O-O 7. Nbd2 a5 8. h3 h6 
9. Re1 Be6 10. Bb5 Qb8 11. Re2 Qa7 12. Nf1 a4 13. Ng3 Qa5 14. Bxc6 bxc6 
15. Nh4 Rfe8 16. Re1 d5 17. exd5 cxd5 18. Rxe5 Bf8 19. Re2 c5 20. a3 Qb6 
21. Nf3 d4 22. cxd4 Bb3 23. Qf1 cxd4 24. Bf4 Rxe2 25. Nxe2 Bd5 26. Nfxd4 Qxb2 
27. Qd1 Rc8 28. Rb1 Qa2 29. Ra1 Qb2 30. Rb1 Qa2 31. Bd2 Bb3 32. Nxb3 axb3 
33. Nc3 Qc2 34. Qxc2 bxc2 35. Rb3 Rd8 36. Na2 Ra8 37. Bc1 Nd5 38. Kf1 h5 
39. Ke2 Bd6 40. d4 Rc8 41. g3 h4 42. gxh4 Kf8 43. h5 Ke8 44. h6 gxh6 
45. Bxh6 Kd7 46. Bc1 f5 47. Kd2 Ke6 48. h4 Be7 49. h5 Bg5+ 50. Kd3 Bxc1 
51. Nxc1 Nf4+ 52. Kd2 Nxh5 53. Rc3 Ra8 54. Kxc2 Nf6 55. Ne2 Ne4 56. Re3 Kd7 
57. f3 Nd6 58. Rb3 Nc4 59. Ng3 Nxa3+ 60. Kd3 Ra5 61. Kc3 Ra7 62. Nxf5 Kc6 
63. Kd3 Nb5 64. d5+ Kc5 65. Ke4 Ra8 66. Rd3 Nd6+ 67. Nxd6 Kxd6 68. Rb3 Re8+ 
69. Kd4 Re1 70. Rb6+ Kd7 71. f4 Ra1 72. f5 Ke7 73. Re6+ Kd7 74. f6 Rg1 
75. Ke4 Rf1 76. Rb6 Ke8 77. Ke5 1-0

[Event "Thursday Night Engine Tour 11 rd Swiss 5m+1s Starts at 2200hrs"]
[Site "Infinity Chess"]
[Date "2018.4.19"]
[Round "7"]
[White "star99"]
[Black "picolo1"]
[Result "1/2-1/2"]
[ECO "C50"]
[WhiteElo "2496"]
[BlackElo "2442"]
[WhiteEngine "Cryptic Heroes 9.4B"]
[BlackEngine "asmFishW_2018-04-15_base_CTG"]
[EventType "Swiss"]
[WhiteTeam ""]
[BlackTeam ""]
[PlyCount "81"]
[TimeControl "300+1"]

1. e4 e5 2. Nf3 Nc6 3. Bc4 Bc5 4. d3 Nf6 5. c3 d6 6. O-O O-O 7. a4 a5 8. Bg5 h6 
9. Bh4 g5 10. Bg3 Ba7 11. Na3 Ne7 12. Re1 Nh5 13. Nc2 Nf4 14. d4 Neg6 
15. dxe5 Nxe5 16. Be2 Qf6 17. Nfd4 Re8 18. Ne3 c6 19. h3 Neg6 20. Bf3 Ne5 
21. Bg4 Nxg4 22. Nxg4 Bxg4 23. Qxg4 h5 24. Qd1 h4 25. Bxf4 Qxf4 26. Re3 Rxe4 
27. Rf3 Qe5 28. Rf5 Qe7 29. Qh5 Re5 30. Rf3 Bxd4 31. cxd4 Rd5 32. Raa3 Kg7 
33. Rae3 Qd7 34. Re5 dxe5 35. Qxg5+ Kf8 36. Qh6+ Ke7 37. Qf6+ Kf8 38. Qh6+ Ke7 
39. Qf6+ Kf8 40. Qh8+ Ke7 41. Qf6+ 1/2-1/2

[Event "Thursday Night Engine Tour 11 rd Swiss 5m+1s Starts at 2200hrs"]
[Site "Infinity Chess"]
[Date "2018.4.19"]
[Round "7"]
[White "Deep_Impact"]
[Black "koalachess"]
[Result "1-0 "]
[ECO "C16"]
[WhiteElo "2547"]
[BlackElo "2364"]
[WhiteEngine "BrainFish_180411_x64_bmi2"]
[BlackEngine "asmFishW_2018-02-02_popcnt_CTG"]
[EventType "Swiss"]
[WhiteTeam ""]
[BlackTeam ""]
[PlyCount "243"]
[TimeControl "300+1"]

1. e4 e6 2. d4 d5 3. Nc3 Bb4 4. e5 Ne7 5. a3 Bxc3+ 6. bxc3 c5 7. Qg4 O-O 
8. Bd3 f5 9. exf6 Rxf6 10. Bg5 Rf7 11. Qh5 g6 12. Qd1 Nbc6 13. Nf3 Qf8 
14. O-O c4 15. Be2 h6 16. Bc1 Qg7 17. h3 Bd7 18. a4 Rd8 19. Re1 Nf5 20. Qd2 Kh7 
21. Ba3 Bc8 22. Nh2 e5 23. dxe5 Qxe5 24. Ng4 Qg7 25. Rab1 b6 26. Rb5 Rfd7 
27. Bf3 h5 28. Nh2 Ne5 29. a5 bxa5 30. Rxa5 Qf6 31. Bc5 Nc6 32. Raa1 Ng7 
33. Ba3 Ne6 34. Bc1 Rf7 35. Rb1 Kg8 36. Re2 Nc7 37. Qg5 Rdd7 38. Re1 Qxg5 
39. Bxg5 Rf8 40. Nf1 Kg7 41. Bh4 Ba6 42. Kh2 Bb5 43. Bg3 a6 44. Ne3 Kh7 
45. Rbd1 Ne7 46. Be5 Kh6 47. Kg1 Kh7 48. Kf1 Kh6 49. Kg1 Kh7 50. Bh2 Kg7 
51. Nf1 Nf5 52. Be5+ Kh7 53. Bxc7 Rxc7 54. Rxd5 Kg7 55. Rde5 Ba4 56. R5e2 Ra7 
57. Bd5 Rc8 58. g4 Rc5 59. Rd2 Nh4 60. Ne3 Bc6 61. Red1 Nf3+ 62. Bxf3 Bxf3 
63. Rd7+ Rxd7 64. Rxd7+ Kg8 65. Rd6 Rc6 66. Rd8+ Kg7 67. Rd7+ Kg8 68. Kf1 hxg4 
69. hxg4 Re6 70. Rd4 a5 71. Rxc4 Ra6 72. Ra4 Kg7 73. Ke1 Bc6 74. Ra1 a4 
75. c4 Kf6 76. Kd2 Ke5 77. Kc3 g5 78. Kb4 Kf4 79. Nf5 Kxg4 80. Nd4 Bd7 
81. c5 Kh3 82. f3 Kg3 83. Ra3 Kf2 84. Rc3 Be8 85. c6 Ra7 86. Ka3 Ra8 87. Rc5 Ke3 
88. c3 Bxc6 89. Rxc6 Ra5 90. Re6+ Kd3 91. Kb4 Ra8 92. Nb5 Rf8 93. Rg6 Rxf3 
94. Rxg5 Rf4+ 95. Nd4 Rh4 96. Rg3+ Ke4 97. Kxa4 Rh1 98. Rg4+ Kd5 99. Kb4 Rb1+ 
100. Nb3 Ke5 101. c4 Ke6 102. Rg7 Rf1 103. Nd4+ Kf6 104. Rd7 Rb1+ 105. Nb3 Ke6 
106. Rd5 Rh1 107. Nd4+ Kf6 108. c5 Rb1+ 109. Nb3 Rg1 110. c6 Rg7 111. Nd4 Rc7 
112. Kc5 Rc8 113. Rd7 Kg6 114. c7 Kg5 115. Nb5 Kf4 116. Nd6 Rxc7+ 117. Rxc7 Ke3 
118. Kd5 Kf3 119. Rc3+ Ke2 120. Kd4 Kf2 121. Ne4+ Ke1 122. Rc2 1-0

[Event "Thursday Night Engine Tour 11 rd Swiss 5m+1s Starts at 2200hrs"]
[Site "Infinity Chess"]
[Date "2018.4.19"]
[Round "7"]
[White "Dovahkiin"]
[Black "Vimtiroba"]
[Result "1/2-1/2"]
[ECO "C50"]
[WhiteElo "2414"]
[BlackElo "2532"]
[WhiteEngine "Raubfisch ME262_GTZ16f_CTG"]
[BlackEngine "AsmFish A12_CTG"]
[EventType "Swiss"]
[WhiteTeam ""]
[BlackTeam ""]
[PlyCount "171"]
[TimeControl "300+1"]

1. e4 e5 2. Nf3 Nc6 3. Bc4 Bc5 4. O-O Nf6 5. d3 O-O 6. c3 a5 7. a4 d6 8. Bg5 h6 
9. Bh4 g5 10. Bg3 Kg7 11. Nbd2 Ba7 12. Re1 Ng8 13. Nf1 h5 14. h3 g4 15. Bh4 f6 
16. N3h2 Qe8 17. Ng3 Nh6 18. d4 Kh8 19. Rc1 Qg6 20. Ba2 f5 21. exf5 Nxf5 
22. Nxf5 Bxf5 23. hxg4 hxg4 24. Qd2 Bb6 25. Nf1 exd4 26. cxd4 Nb4 27. Bc4 d5 
28. Bb3 Nd3 29. Bxd5 Nxc1 30. Rxc1 c6 31. Bc4 Bd8 32. Bg3 Bf6 33. Bf4 Rad8 
34. Be3 Bg7 35. Ng3 b6 36. b3 Rd7 37. b4 axb4 38. Qxb4 Qd6 39. Qxb6 Bxd4 
40. Bxd4+ Qxd4 41. a5 Rd6 42. Qxd4+ Rxd4 43. a6 Bd7 44. Kf1 Kg7 45. Ne2 Re4 
46. Ng3 Rd4 47. Ke2 c5 48. Ke1 Re8+ 49. Be2 Rc8 50. Bc4 Kf6 51. f3 gxf3 
52. gxf3 Ke7 53. Ne2 Rh4 54. Ng3 Rd4 55. Rc3 Be6 56. Be2 Ra4 57. Re3 Rc6 
58. Bb5 Ra1+ 59. Kf2 Rb6 60. Be2 Kd8 61. Re5 c4 62. Ne4 Ra3 63. f4 Bf7 
64. Rf5 Ke7 65. Rc5 Rh6 66. Rc7+ Kf8 67. Bxc4 Bxc4 68. Rc8+ Kg7 69. Rxc4 Rh2+ 
70. Kg1 Re2 71. Kf1 Rh2 72. Kg1 Rb2 73. Rc1 Rxa6 74. f5 Raa2 75. f6+ Kf8 
76. f7 Rg2+ 77. Kf1 Rh2 78. Kg1 Rhg2+ 79. Kf1 Rh2 80. Kg1 Rhe2 81. Nd6 Kg7 
82. f8=Q+ Kxf8 83. Nf5 Kf7 84. Nh4 Ke6 85. Rf1 Kd5 86. Rf4 1/2-1/2

[Event "Thursday Night Engine Tour 11 rd Swiss 5m+1s Starts at 2200hrs"]
[Site "Infinity Chess"]
[Date "2018.4.19"]
[Round "7"]
[White "ocirema"]
[Black "RonWeasley"]
[Result "1/2-1/2"]
[ECO "E10"]
[WhiteElo "2479"]
[BlackElo "2548"]
[WhiteEngine "asmFishW_2018-04-15_popcnt_CTG"]
[BlackEngine "BrainFish 090218_CTG"]
[EventType "Swiss"]
[WhiteTeam ""]
[BlackTeam ""]
[PlyCount "91"]
[TimeControl "300+1"]

1. d4 Nf6 2. c4 e6 3. Nf3 d5 4. Nc3 c6 5. e3 Nbd7 6. Qc2 Bd6 7. Bd3 dxc4 
8. Bxc4 O-O 9. O-O a6 10. Rd1 b5 11. Bd3 Qc7 12. Bd2 c5 13. Ne4 c4 14. Nxd6 Qxd6 
15. Be2 Bb7 16. b3 Bd5 17. Be1 Rfc8 18. Qb2 Ne4 19. Rdc1 f6 20. Ba5 f5 
21. Ne1 Nef6 22. bxc4 bxc4 23. Qb4 Qxb4 24. Bxb4 Rab8 25. a3 Rb5 26. Nc2 Be4 
27. Ne1 Bd5 28. Nc2 Be4 29. f3 Bd3 30. Bd1 Nd5 31. Ne1 N7b6 32. Nxd3 cxd3 
33. Rxc8+ Nxc8 34. Ba4 Rb8 35. Bb3 a5 36. Bxd5 exd5 37. Bxa5 Rb3 38. a4 Nd6 
39. Be1 Nc4 40. Ra2 Rb1 41. Kf2 Rc1 42. Bd2 Rd1 43. Be1 Rc1 44. Bd2 Rd1 
45. Bc3 Rc1 46. Bd2 1/2-1/2

[Event "Thursday Night Engine Tour 11 rd Swiss 5m+1s Starts at 2200hrs"]
[Site "Infinity Chess"]
[Date "2018.4.19"]
[Round "7"]
[White "mala0diablica"]
[Black "xeonrocks"]
[Result "1/2-1/2"]
[ECO "C50"]
[WhiteElo "2536"]
[BlackElo "2610"]
[WhiteEngine "asmFishW_2018-04-11_bmi2"]
[BlackEngine "Stockfish_x64_bmi2_CTG"]
[EventType "Swiss"]
[WhiteTeam ""]
[BlackTeam ""]
[PlyCount "186"]
[TimeControl "300+1"]

1. e4 e5 2. Nf3 Nc6 3. Bc4 Bc5 4. O-O Nf6 5. d3 a5 6. c3 d6 7. Re1 Ba7 
8. Nbd2 O-O 9. Nf1 Be6 10. Bxe6 fxe6 11. a4 Qe8 12. Qb3 Nh5 13. Be3 Nf4 
14. Bxf4 Rxf4 15. Ne3 Rb8 16. Rf1 Qd7 17. Rae1 h6 18. Re2 g5 19. Nd2 Rbf8 
20. f3 h5 21. Kh1 Bxe3 22. Rxe3 Kf7 23. Ree1 b6 24. Qb5 Ke7 25. Kg1 Kd8 
26. Ra1 d5 27. Rac1 R8f7 28. Rfe1 g4 29. fxg4 hxg4 30. Rf1 Qd6 31. g3 Rxf1+ 
32. Rxf1 Rxf1+ 33. Kxf1 Kc8 34. Kg2 Kb7 35. Qb3 Qd8 36. Qd1 Qg5 37. Qe2 d4 
38. Qf2 Qh6 39. Qe2 dxc3 40. bxc3 Qg5 41. Nc4 Qc1 42. Qd2 Qb1 43. h3 gxh3+ 
44. Kxh3 Qh1+ 45. Kg4 Qh7 46. Qc1 Qh2 47. Qb2 Qh1 48. Qc2 Ka8 49. Qb3 Qc1 
50. Qb5 Kb7 51. Qb3 Qh6 52. Qd1 Ka7 53. Qf3 Qg7+ 54. Kh3 Kb7 55. Kg2 Qh7 
56. g4 Qg6 57. Kg3 Qh6 58. Qf7 Qh1 59. g5 Qg1+ 60. Kh4 Qh2+ 61. Kg4 Ne7 
62. Qxe7 Qe2+ 63. Kg3 Qxd3+ 64. Kf2 Qxc4 65. g6 Qxc3 66. g7 Qd2+ 67. Kg3 Qe1+ 
68. Kf3 Qd1+ 69. Kf2 Qd4+ 70. Kg3 Qe3+ 71. Kh2 Qf4+ 72. Kg1 Qg3+ 73. Kf1 b5 
74. axb5 Qg4 75. Qf7 Qh3+ 76. Ke1 Qh4+ 77. Kd1 Qh1+ 78. Kc2 Qxe4+ 79. Kc3 Qe3+ 
80. Kb2 Qd2+ 81. Ka1 Qe1+ 82. Ka2 Qd2+ 83. Ka1 Qd4+ 84. Kb1 a4 85. Qf3+ e4 
86. Qg3 a3 87. Qg2 a2+ 88. Kxa2 Qd5+ 89. Ka1 Qd1+ 90. Ka2 Qd5+ 91. Ka1 Qd4+ 
92. Kb1 Qd1+ 93. Ka2 Qd5+ 1/2-1/2

[Event "Thursday Night Engine Tour 11 rd Swiss 5m+1s Starts at 2200hrs"]
[Site "Infinity Chess"]
[Date "2018.4.19"]
[Round "6"]
[White "koalachess"]
[Black "ocirema"]
[Result "1/2-1/2"]
[ECO "C58"]
[WhiteElo "2359"]
[BlackElo "2484"]
[WhiteEngine "asmFishW_2018-02-02_popcnt_CTG"]
[BlackEngine "asmFishW_2018-04-15_popcnt_CTG"]
[EventType "Swiss"]
[WhiteTeam ""]
[BlackTeam ""]
[PlyCount "64"]
[TimeControl "300+1"]

1. e4 e5 2. Nf3 Nc6 3. Bc4 Nf6 4. Ng5 d5 5. exd5 Na5 6. Bb5+ c6 7. dxc6 bxc6 
8. Qf3 Be7 9. Bd3 O-O 10. Nc3 Rb8 11. O-O Rb4 12. Qd1 h6 13. a3 Rg4 14. Nge4 Nb3 
15. Nxf6+ Bxf6 16. Be2 Nxa1 17. Bxg4 Bxg4 18. Qxg4 Nxc2 19. d3 Bg5 20. Bxg5 Qxg5 
21. Qa4 Nd4 22. Qxa7 Qd2 23. Qb6 Qxd3 24. a4 Kh7 25. a5 f5 26. Ra1 f4 27. f3 e4 
28. Nxe4 Qe3+ 29. Kf1 Qe2+ 30. Kg1 Qe3+ 31. Kf1 Qe2+ 32. Kg1 Qe3+ 1/2-1/2

[Event "Thursday Night Engine Tour 11 rd Swiss 5m+1s Starts at 2200hrs"]
[Site "Infinity Chess"]
[Date "2018.4.19"]
[Round "6"]
[White "picolo1"]
[Black "Deep_Impact"]
[Result "1/2-1/2 "]
[ECO "C50"]
[WhiteElo "2437"]
[BlackElo "2552"]
[WhiteEngine "asmFishW_2018-04-15_base_CTG"]
[BlackEngine "BrainFish_180411_x64_bmi2"]
[EventType "Swiss"]
[WhiteTeam ""]
[BlackTeam ""]
[PlyCount "122"]
[TimeControl "300+1"]

1. e4 e5 2. Nf3 Nc6 3. Bc4 Bc5 4. O-O Nf6 5. d3 d6 6. c3 a5 7. Re1 Ba7 
8. Nbd2 O-O 9. Nf1 Be6 10. Bxe6 fxe6 11. a4 Nh5 12. Be3 Qe8 13. Kh1 Nf4 
14. Bxa7 Nxa7 15. g3 Nh3 16. Kg2 Qh5 17. Ne3 Rf7 18. Ng1 Qxd1 19. Raxd1 Nxg1 
20. Rxg1 Raf8 21. Rgf1 Nc6 22. h4 Rd7 23. f4 Rdf7 24. f5 exf5 25. Nxf5 Nd8 
26. Ne3 Ne6 27. Rxf7 Kxf7 28. Rf1+ Ke7 29. Rxf8 Kxf8 30. b4 axb4 31. cxb4 Ke7 
32. Kf2 h5 33. g4 hxg4 34. Kg3 g6 35. Kxg4 Kd7 36. Nc2 Kc6 37. Ne3 Kd7 38. a5 c6 
39. Nc4 Ke7 40. Nb6 Nd4 41. Nc4 Ne6 42. Nb6 Kd8 43. Kf3 Kc7 44. Nc4 Nd4+ 
45. Kg4 Kd7 46. Kg5 Nf3+ 47. Kxg6 Nxh4+ 48. Kf7 Ng2 49. Nb6+ Kc7 50. Nc4 Nf4 
51. Ke7 Nxd3 52. Nxd6 Nxb4 53. Ke6 Nd3 54. Nc4 Nc5+ 55. Kxe5 Kd7 56. Kd4 Nb3+ 
57. Kc3 Nc5 58. Kd4 Ne6+ 59. Ke5 Nc5 60. Nd6 Nd3+ 61. Kd4 Kxd6 1/2-1/2

[Event "Thursday Night Engine Tour 11 rd Swiss 5m+1s Starts at 2200hrs"]
[Site "Infinity Chess"]
[Date "2018.4.19"]
[Round "6"]
[White "xeonrocks"]
[Black "Dovahkiin"]
[Result "1-0"]
[ECO "B90"]
[WhiteElo "2601"]
[BlackElo "2423"]
[WhiteEngine "Stockfish_x64_bmi2_CTG"]
[BlackEngine "Raubfisch ME262_GTZ16f_CTG"]
[EventType "Swiss"]
[WhiteTeam ""]
[BlackTeam ""]
[PlyCount "131"]
[TimeControl "300+1"]

1. e4 c5 2. Nf3 d6 3. d4 cxd4 4. Nxd4 Nf6 5. Nc3 a6 6. Be3 e5 7. Nb3 Be6 
8. f3 Be7 9. Qd2 O-O 10. O-O-O Nbd7 11. g4 b5 12. g5 b4 13. gxf6 bxc3 
14. Qxc3 Nxf6 15. Na5 Rc8 16. Nc6 Qc7 17. Nxe7+ Qxe7 18. Qa5 Rc6 19. Kb1 Rfc8 
20. b3 Nd7 21. Rd2 h6 22. Rg2 Kh7 23. Qe1 g6 24. Bc1 Bh3 25. Rf2 Be6 26. Bd3 Nc5 
27. Qe3 Qh4 28. Rd1 Qh5 29. Bf1 Rb6 30. Bd2 Rbc6 31. Bc1 Rb6 32. Rfd2 Rcc6 
33. Qf2 a5 34. Bb2 a4 35. h4 axb3 36. cxb3 Bxb3 37. axb3 Rxb3 38. Be2 g5 
39. hxg5 Na4 40. Ka1 Rcb6 41. f4 Qg6 42. Bc4 Rxb2 43. Rxb2 Nxb2 44. Rh1 Nxc4 
45. Rxh6+ Qxh6 46. gxh6 Ra6+ 47. Kb1 Ra8 48. Qh4 Nd2+ 49. Kc2 Nxe4 50. fxe5 Rc8+ 
51. Kd1 Rc4 52. Qh5 Nf2+ 53. Ke2 Rc2+ 54. Kf1 Rc1+ 55. Kxf2 Rc2+ 56. Kf3 Rc3+ 
57. Kf4 Rc7 58. Kf5 dxe5 59. Qg5 f6 60. Qxf6 e4 61. Qg6+ Kh8 62. Qd6 Rf7+ 
63. Kg6 Kg8 64. h7+ Kh8 65. Qd4+ Rg7+ 66. Qxg7# 1-0